 Dungeon Crawl Stone Soup version 0.20-a0-1017-gc3250ce (webtiles) character file.

128 dvd the Chiller (level 4, -1/34 HPs)
             Began as a Draconian Ice Elementalist on Apr 16, 2017.
             Was an Initiate of Vehumet.
             Slain by an orc
             ... wielding a +0 mace
              (5 damage)
             ... on level 3 of the Dungeon.
             The game lasted 00:06:36 (2881 turns).

dvd the Chiller (Draconian Ice Elementalist)        Turns: 2881, Time: 00:06:37

Health: -1/34      AC:  6    Str: 11    XL:     4   Next: 87%
Magic:  2/8        EV: 12    Int: 16    God:    Vehumet [......]
Gold:   76         SH:  0    Dex: 11    Spells: 3/9 levels left

rFire    . . .     SeeInvis .   a - +0 dagger (flame)
rCold    . . .     Gourm    .   (no shield)
rNeg     . . .     Faith    .   (armour unavailable)
rPois    .         Spirit   .   (helmet restricted)
rElec    .         Reflect  .   (no cloak)
rCorr    .         Harm     .   i - +0 pair of gloves
MR       .....                  (no boots)
Stlth    ++........             (no amulet)
Regen    0.2/turn               (no ring)
MPRegen  0.2/turn               (no ring)

@: no status effects
A: unfitting armour, cold-blooded, AC +5
a: Renounce Religion


You were on level 3 of the Dungeon.
You worshipped Vehumet.
Vehumet was noncommittal.
You were not hungry.

You visited 1 branch of the dungeon, and saw 3 of its levels.

You collected 76 gold pieces.

Inventory:

Hand Weapons
 a - a +0 dagger of flaming (weapon)
 c - a +0 long sword
 e - a +0 short sword
Armour
 i - a +0 pair of gloves (worn)
Scrolls
 f - 2 scrolls of identify {unknown}
 h - 2 scrolls of teleportation {unknown}
 k - 2 scrolls of magic mapping {unknown}
 l - 3 scrolls of remove curse {unknown}
 n - a scroll of random uselessness {unknown}
 p - 2 scrolls of fear {unknown}
 s - a scroll of fog {unknown}
Potions
 d - 2 potions of cancellation {unknown}
 j - a potion of resistance {unknown}
 m - 2 potions of brilliance {unknown}
 o - 2 potions of flight {unknown}
 t - a potion of curing {unknown}
Books
 q - a book of Frost

   Spells                             Type                      Level
   a - Freeze                         Ice                          1
   b - Throw Frost                    Conjuration/Ice              2
   c - Ozocubu's Armour               Charms/Ice                   3
   d - Throw Icicle                   Conjuration/Ice              4
   e - Summon Ice Beast               Ice/Summoning                4
Comestibles
 b - 2 bread rations
 g - 6 fruits
 r - 3 chunks of flesh


   Skills:
 + Level 0.4 Fighting
 + Level 0.4 Short Blades
 + Level 2.2 Dodging
 + Level 1.9 Stealth
 + Level 3.1 Spellcasting
 + Level 1.4 Conjurations
 + Level 0.1 Charms
 + Level 4.2 Ice Magic


You had 3 spell levels left.
You knew the following spells:

 Your Spells              Type           Power        Failure   Level  Hunger
a - Freeze                Ice            ###.         3%          1    None
b - Throw Frost           Conj/Ice       ##....       10%         2    ##.....
c - Ozocubu's Armour      Chrm/Ice       #.......     28%         3    ###....


Dungeon Overview and Level Annotations

Branches:
Dungeon (3/15)

Altars:
Dithmenos
Vehumet


Innate Abilities, Weirdness & Mutations

Your plain brown scales are hard. (AC +5)
You cannot fit into any form of body armour.
You are cold-blooded and may be slowed by cold attacks.


Message History

Aiming: Freeze
Press: ? - help, Shift-Dir - straight line, f/p - gnoll
Aim: a gnoll (severely wounded)
You freeze the gnoll.
The gnoll is severely wounded.
The gnoll misses you.
Casting: Freeze
Confirm with . or Enter, or press ? or * to list all spells.
Aiming: Freeze
Press: ? - help, Shift-Dir - straight line, f/p - gnoll
Aim: a gnoll (severely wounded)
You freeze the gnoll.
You kill the gnoll!
Vehumet accepts your kill.
You barely miss the orc. The orc hits you with a mace.
* * * LOW HITPOINT WARNING * * *
A rat comes into view.
There is an escape hatch in the ceiling here.
The orc hits you with a mace.
You die...

.. #####.######### ...
#....#.......#
#.⌠#..#+#.#####†#
.#.........# #.#
...........<# #.#
..#....r)...# #.#
###.#####.#.# #.# ....#
#.#r#####.##### )####
#.#....o@.....# .#
#.#######.###.# ##
#.............# #
#########.##..# #
#.............##
#.........#....#
###################.####
..)........og....##.#
############......[.#


You could see an orc and a rat (wandering).

Vanquished Creatures
  3 gnolls (D:3)
  2 adders
  2 oozes (D:1)
  A worm (D:2)
  A dart slug (D:1)
  2 leopard geckos (D:2)
  2 orcs (D:3)
  4 ball pythons
  4 bats
  3 giant cockroaches
  5 goblins
  9 hobgoblins
  6 jackals
  4 frilled lizards
  7 kobolds
  7 rats
62 creatures vanquished.

Notes
Turn   | Place    | Note
-------+----------+-------------------------------------------
     0 | D:1      | dvd the Draconian Ice Elementalist began the quest for the Orb.
     0 | D:1      | Reached XP level 1. HP: 14/14 MP: 3/3
   161 | D:1      | Reached XP level 2. HP: 19/20 MP: 0/5
   166 | D:1      | Learned a level 2 spell: Throw Frost
   683 | D:1      | Reached XP level 3. HP: 19/26 MP: 3/6
   893 | D:1      | Learned a level 3 spell: Ozocubu's Armour
  1450 | D:2      | Found a shadowy altar of Dithmenos.
  1844 | D:2      | Found a radiant altar of Vehumet.
  1860 | D:2      | Became a worshipper of Vehumet
  1979 | D:2      | Reached XP level 4. HP: 33/33 MP: 0/8
  2336 | D:2      | Reached skill level 4 in Ice Magic
  2881 | D:3      | Slain by an orc

Vault maps used:
D:1:      scummos_arrival_forest, chequers_big_river
D:2:      lemuel_crystal_altar, lemuel_round_altar, grunt_decor_cap,
          minmay_tree_intersection
D:3:      evilmike_ruin_ashenzari, nicolae_overflow_crystal_walls

Skill      XL: |  1  2  3  4 |
---------------+-------------+-----
Dodging        | 2 |  2.2
Ice Magic      | 4 |  4.2
Spellcasting   | 3 |  3.1
Fighting       | |  0.4
Short Blades   | |  0.4
Stealth        | |  1.9
Conjurations   | |  1.4
Charms         | |  0.1

Action                   |  1- 3 |  4- 6 || total
-------------------------+-------+-------++-------
Melee: Short sword       |    35 |       ||    35
       Tailslap          |     7 |     1 ||     8
       Dagger            |    12 |    29 ||    41
 Cast: Freeze            |    41 |    30 ||    71
       Throw Frost       |    18 |     9 ||    27
       Ozocubu's Armour  |     1 |     1 ||     2
 Stab: Sleeping          |     1 |       ||     1
  Eat: Chunk             |     5 |     4 ||     9
Armor: Skin              |    26 |    11 ||    37
Dodge: Dodged            |    62 |    24 ||    86
